 Dungeon Crawl Stone Soup version 0.31.0-11-ge490571c62 (webtiles) character file.

Game seed: 9176263522430633612

10947 Bravepunisher the Champion of Chaos (level 11, 0/60 HPs)
             Began as a Spriggan Monk on Feb 4, 2024.
             Was the Champion of Makhleb.
             Slain by a hornet (8 damage)
             ... while paralysed by a hornet
             ... on level 10 of the Dungeon on Feb 5, 2024.
             The game lasted 00:43:27 (8307 turns).

Bravepunisher the Champion of Chaos (Spriggan Monk) Turns: 8307, Time: 00:43:28

Health: 0/60       AC:  6    Str: 15    XL:     11   Next: 42%
Magic:  21/21      EV:  4    Int: 16    God:    Makhleb [******]
Gold:   509        SH:  0    Dex: 23    Spells: 10/10 levels left

rFire   + . .        t - +1 dagger (venom)
rCold   . . .        G - +0 buckler
rNeg    + . .        L - +2 robe "Muq Qubb" {-Cast rN+ Dex+2}
rPois   .            (helmet restricted)
rElec   .            N - +1 cloak "Meatz" {rCorr Str+2 Int+3}
rCorr   +            (gloves unavailable)
SInv    +            (boots unavailable)
Will    +....        g - amulet of regeneration
Stlth   ++           d - ring of protection from fire
HPRegen 1.10/turn    i - +6 ring of strength
MPRegen 0.17/turn

%: no spellcasting
@: paralysed, lethally poisoned (0 -> 0), slowed, very quick
A: very small, no large weapons, unfitting armour, see invisible, speed 3
a: Renounce Religion, Minor Destruction, Lesser Servant of Makhleb, Major
Destruction, Greater Servant of Makhleb


You were on level 10 of the Dungeon.
You worshipped Makhleb.
Makhleb was exalted by your worship.
You visited 2 branches of the dungeon, and saw 11 of its levels.

You collected 509 gold pieces.

Inventory:

Hand Weapons
 t - a +1 dagger of venom (weapon)
Missiles
 o - 2 throwing nets (quivered)
Armour
 G - a +0 buckler (worn)
 L - the +2 robe "Muq Qubb" (worn) {-Cast rN+ Dex+2}
   (You found it on level 9 of the Dungeon)

   Dex+2:     It affects your dexterity (+2).
   rN+:       It protects you from negative energy.
   -Cast:     It prevents spellcasting.
 N - the +1 cloak "Meatz" (worn) {rCorr Str+2 Int+3}
   (You found it on level 10 of the Dungeon)

   Str+2:     It affects your strength (+2).
   Int+3:     It affects your intelligence (+3).
   rCorr:     It protects you from acid and corrosion.
Jewellery
 d - a ring of protection from fire (left hand)
 g - an amulet of regeneration (around neck)
 i - a +6 ring of strength (right hand)
Wands
 b - a wand of flame (7)
 A - a wand of polymorph (3)
 E - a wand of paralysis (1)
Scrolls
 a - a scroll of fear
 e - 4 scrolls of teleportation {unknown}
 k - a scroll of poison {unknown}
 l - 11 scrolls of identify {unknown}
 p - 2 scrolls of immolation {unknown}
 q - 2 scrolls of summoning {unknown}
 u - a scroll of acquirement {unknown}
 x - 3 scrolls of fog {unknown}
 y - 2 scrolls of noise {unknown}
 z - a scroll of revelation
 D - 3 scrolls of vulnerability {unknown}
 F - a scroll of amnesia {unknown}
 I - 3 scrolls of enchant armour {unknown}
 M - a scroll of blinking {unknown}
Potions
 c - 4 potions of ambrosia
 f - a potion of mutation {unknown}
 h - 2 potions of brilliance {unknown}
 m - 2 potions of might {unknown}
 n - 3 potions of lignification
 r - a potion of degeneration {unknown}
 s - 2 potions of cancellation
 v - a potion of resistance {unknown}
 w - 3 potions of curing {unknown}
 B - a potion of enlightenment {unknown}
 C - 2 potions of magic {unknown}
 H - 2 potions of attraction {unknown}
 K - 2 potions of heal wounds {unknown}


   Skills:
 + Level 8.0 Fighting
 - Level 3.2 Short Blades
 + Level 2.4 Armour
 - Level 9.0 Dodging
 - Level 5.0 Shields
 * Level 12.4 Invocations


You had 10 spell levels left.
You didn't know any spells.
Your spell library contained the following spells:

 Spells                   Type           Power      Damage    Failure   Level
 Foxfire                  Conj/Fire      0%         2x1d4     32%         1
 Magic Dart               Conj           0%         1d3       32%         1
 Blink                    Tloc           0%         N/A       43%         2
 Call Imp                 Summ           0%         N/A       43%         2
 Frozen Ramparts          Ice            0%         1d1       67%         3
 Leda's Liquefaction      Alch/Erth      0%         N/A       97%         4
 Petrify                  Alch/Erth      0%         N/A       97%         4
 Vhi's Electric Charge    Tloc/Air       0%         N/A       97%         4
 Arcjolt                  Conj/Air       0%         1d10      100%        5
 Metabolic Englaciation   Hex/Ice        0%         N/A       100%        5
 Plasma Beam              Fire/Air       0%         2x1d10    100%        6
 Starburst                Conj/Fire      0%         6d3       100%        6
 Maxwell's Capacitive Co  Air            0%         ∞         100%        8


Dungeon Overview and Level Annotations

Branches:
Dungeon (10/15)            Temple (1/1) D:4            Lair (0/5) D:10
    Orc (0/2) D:10

Altars:
Ashenzari
Cheibriados
Dithmenos
Elyvilon
Fedhas
Gozag
Hepliaklqana
Kikubaaqudgha
Makhleb
Okawaru
Qazlal
Ru
Sif Muna
Trog
Uskayaw
Vehumet
Wu Jian
Xom
Yredelemnul
Zin
The Shining One

Shops:
D:6 :(


Innate Abilities, Weirdness & Mutations

You are very small and have problems with some larger weapons.
You are too small for most types of armour.
You have supernaturally acute eyesight. (SInv)
You cover ground extremely quickly. (Speed+++)


Message History

The +1 cloak "Meatz" {rCorr Str+2 Int+3} melds into your body.
The +2 robe "Muq Qubb" {-Cast rN+ Dex+2} melds into your body.
Your roots penetrate the ground.
You feel very sick.
Your smoke demon hits the hornet but does no damage.
Your smoke demon closely misses the hornet.
Your smoke demon barely misses the hornet.
The hornet stings you but does no damage.
The wight hits your smoke demon with a +4 dagger of freezing!
The wight freezes your smoke demon.
It was a potion of cancellation.
Your magical effects are unravelling.
You feel magically purged.
You feel less wooden.
The +1 cloak "Meatz" {rCorr Str+2 Int+3} unmelds from your body.
The +2 robe "Muq Qubb" {-Cast rN+ Dex+2} unmelds from your body.
You feel sick. The hornet closely misses you.
Your smoke demon gestures at the wight.
The wight is smitten.
The wight is destroyed!
Makhleb accepts your kill.
The centaur shoots an arrow.
The arrow hits your smoke demon. You block the hornet's attack.
You feel sick.
Your smoke demon misses the hornet.
Your smoke demon hits the hornet.
Your smoke demon barely misses the hornet.
The wight barely misses your smoke demon.
You feel sick. The hornet attacks as it pursues you!
The hornet completely misses you.
You feel sick. The hornet attacks as it pursues you! The hornet stings you!
* * * LOW HITPOINT WARNING * * *
You suddenly lose the ability to move!
You feel sick. The hornet stings you!
* * * LOW HITPOINT WARNING * * *
You feel yourself slow down.
Your smoke demon gestures at the hornet.
The pyre arrow hits the hornet.
The wight barely misses your smoke demon.
You feel sick.
The hornet burns!
The hornet stings you!
You die...

,,**,**,,******####.##### ######.
,,##.###.........#,,* #.
,,##.###.#####....,** #.
,,##(###.#####....,**** #.
,,##.###.#####....,,,,* #)
,,##.###.#####....,**,* #.
,,...###.#####....,**,******* #)
~~~......##########**,,,,...####)
~~~).....zcz3..y@.# ******#......
**~..###z########.# ######.
,*≈..###.########.# #.
>*~z.....########.##############.
**~z#.###########................
~~~z..###########################
,,.z##############
**################


You could see a hornet (burning, ally target), a centaur, 2 wights and a
friendly smoke demon (summoned).

Vanquished Creatures
  Erica (D:8)
  A two-headed ogre (D:9)
  Maurice (D:9)
  A kobold demonologist (D:8)
  2 wyverns
  19 yaks
  A steam dragon (D:8)
  Menkaure (D:5)
  3 water moccasins
  7 orc warriors
  2 black bears
  An ogre (D:5)
  A phantom (D:4)
  A centaur (D:10)
  11 kobold brigands
  A bullfrog (D:5)
  A gnoll sergeant (D:7)
  4 scorpions
  5 wights (D:8)
  7 killer bees
  An electric eel (D:10)
  3 howler monkeys
  3 jellies
  8 orc priests
  5 hounds
  2 gnoll boudas
  2 iguanas
  A sleepcap (D:6)
  10 orc wizards
  8 adders
  19 gnolls
  4 shadow imps
  2 ufetubi (D:5)
  2 ribbon worms (D:2)
  38 orcs
  7 endoplasms
  A giant cockroach (D:2)
  10 goblins
  4 hobgoblins
  10 jackals
  4 quokkas
  11 ball pythons
  6 bats
  2 frilled lizards (D:1)
  33 kobolds
  9 kobold skeletons (D:8)
  9 kobold zombies (D:8)
  5 rats
290 creatures vanquished.

Vanquished Creatures (collateral kills)
  A two-headed ogre (D:8)
  3 yaks (D:8)
  2 kobold brigands (D:8)
  2 wights
  A killer bee (D:9)
  An orc wizard (D:8)
  2 orcs (D:8)
  3 kobolds (D:8)
15 creatures vanquished.

Grand Total: 305 creatures vanquished

Notes
Turn   | Place    | Note
-------+----------+-------------------------------------------
     0 | D:1      | Bravepunisher the Spriggan Monk began the quest for the
                  | Orb.
     0 | D:1      | Reached XP level 1. HP: 11/11 MP: 2/2
   210 | D:3      | Reached XP level 2. HP: 15/16 MP: 3/3
   326 | D:3      | Reached skill level 5 in Dodging
   341 | D:4      | Noticed a phantom
   352 | D:4      | Noticed a scorpion
   391 | D:5      | Entered Level 5 of the Dungeon
   408 | D:6      | Found Cacunuir's Tiny Tomes.
   487 | D:4      | Found a staircase to the Ecumenical Temple.
   492 | Temple   | Entered the Ecumenical Temple
   498 | Temple   | Became a worshipper of Makhleb the Destroyer
   498 | Temple   | Reached * piety under Makhleb
   498 | Temple   | Reached ** piety under Makhleb
   562 | D:3      | Reached XP level 3. HP: 19/19 MP: 4/4
   871 | D:1      | Reached skill level 1 in Invocations
  1408 | D:2      | Reached XP level 4. HP: 24/24 MP: 6/6
  1699 | D:2      | Reached skill level 2 in Invocations
  1826 | D:2      | Reached *** piety under Makhleb
  1841 | D:2      | Reached XP level 5. HP: 28/28 MP: 7/7
  2993 | D:4      | Reached skill level 3 in Invocations
  3003 | D:4      | Identified the +0 pair of boots "Duxonaewe" {Fly}
  3032 | D:4      | Killed a phantom
  3033 | D:4      | Reached XP level 6. HP: 28/33 MP: 9/9
  3450 | D:5      | Reached skill level 4 in Invocations
  3481 | D:5      | Reached XP level 7. HP: 37/37 MP: 11/11
  3621 | D:5      | Reached skill level 5 in Invocations
  3622 | D:5      | Reached **** piety under Makhleb
  3635 | D:5      | Found a radiant altar of Vehumet.
  3785 | D:5      | Noticed Menkaure
  3789 | D:5      | Killed Menkaure
  3806 | D:5      | Reached skill level 6 in Invocations
  3806 | D:5      | Reached XP level 8. HP: 42/42 MP: 13/13
  4162 | D:6      | Noticed a +0 demon whip
  4163 | D:6      | Found Jofa Larch's Weapon Shop.
  4165 | D:6      | Noticed a +0 giant club
  4264 | D:6      | Reached skill level 5 in Fighting
  4274 | D:6      | Found an iron altar of Okawaru.
  4383 | D:6      | Reached skill level 7 in Invocations
  5144 | D:7      | Reached skill level 8 in Invocations
  5144 | D:7      | Reached XP level 9. HP: 47/47 MP: 14/16
  5144 | D:7      | Reached ***** piety under Makhleb
  5309 | D:7      | Reached skill level 1 in Shields
  5808 | D:8      | Reached skill level 9 in Invocations
  5897 | D:8      | Noticed a two-headed ogre
  5926 | D:8      | Killed a two-headed ogre
  5927 | D:8      | Reached skill level 10 in Invocations
  5927 | D:8      | Reached XP level 10. HP: 42/53 MP: 18/18
  6339 | D:8      | Noticed Erica
  6352 | D:8      | Killed Erica
  6353 | D:8      | Reached skill level 11 in Invocations
  6364 | D:8      | Found a blossoming altar of Fedhas.
  6495 | D:8      | Found a glowing silver altar of Zin.
  6882 | D:8      | Found an ancient bone altar of Kikubaaqudgha.
  6986 | D:9      | Found a bloodstained altar of Trog.
  6991 | D:9      | Identified the +2 robe "Muq Qubb" {-Cast rN+ Dex+2}
  7120 | D:9      | Reached skill level 1 in Armour
  7125 | D:9      | Noticed Maurice
  7138 | D:9      | Killed Maurice
  7186 | D:9      | Reached XP level 11. HP: 58/58 MP: 20/20
  7535 | D:9      | Noticed a two-headed ogre
  7558 | D:9      | Killed a two-headed ogre
  7559 | D:9      | Reached skill level 12 in Invocations
  7952 | D:10     | Entered Level 10 of the Dungeon
  8043 | D:10     | Reached ****** piety under Makhleb
  8081 | D:10     | Found a staircase to the Lair.
  8115 | D:10     | Reached skill level 5 in Shields
  8154 | D:10     | Identified the +1 cloak "Meatz" {rCorr Str+2 Int+3}
  8173 | D:10     | Found a staircase to the Orcish Mines.
  8297 | D:10     | Paralysed by a hornet for 2 turns
  8305 | D:10     | Paralysed by a hornet for 2 turns
  8307 | D:10     | Slain by a hornet

Illustrated notes

Levels and vault maps discovered:
D:1:      kilobyte_arrival_exit_the_forest, layout_rooms
D:2:      layout_basic
D:3:      layout_loops_corners
D:4:      cheibrodos_pilgrimage, layout_rooms, temple_doors_e,
          dreamdust_princess_corridor
D:5:      layout_loops_ring, vehumet_crystals, uniq_menkaure
D:6:      layout_rooms, okawaru_gym_becter, serial_shops,
          nicolae_shop_mannequins, nicolae_shop_i_like_small_books_too,
          hangedman_decor_lopped
D:7:      layout_basic
D:8:      wander_kiku_kobolds, layout_basic, fedhas_altar_4,
          mainiacjoe_overflow_brackets, uniq_erica
D:9:      layout_stronghold, bloody_trog, uniq_maurice
D:10:     layout_loops_ring, kennysheep_mini, lair_entry_dummy, erik_orc_2,
          enter_bailey_4, minmay_misc_feat_rugged
Temple:   compressed_dpeg_triangle_lava_temple

Skill      XL: |  1  2  3  4  5  6  7  8  9 10 11 |
---------------+----------------------------------+-----
Dodging        | 5 6 7 9 |  9.0
Invocations    | 1 2 3 4 6 8 10 11 12 | 12.4
Fighting       | 3 4 5 6 7 8 |  8.0
Shields        | 3 4 5 |  5.0
Armour         | 1 2 |  2.4
Short Blades   | |  3.2

Action                     |  1- 3 |  4- 6 |  7- 9 | 10-12 || total
---------------------------+-------+-------+-------+-------++-------
  Melee: Short sword       |    73 |       |       |       ||    73
         Punch             |     3 |       |       |       ||     3
         Mace              |       |    23 |       |       ||    23
         Dagger            |       |    10 |    96 |   122 ||   228
  Throw: Throwing net      |       |       |     2 |       ||     2
 Invoke: Minor Destruction |    41 |   106 |   248 |   317 ||   712
         Lesser Servant of |       |       |     2 |     2 ||     4
  Evoke: Wand              |       |       |       |    13 ||    13
    Use: Scroll            |       |       |       |     2 ||     2
         Potion            |       |       |       |     2 ||     2
   Stab: Sleeping          |     2 |       |       |       ||     2
         Held in net/web   |       |       |     1 |       ||     1
         Distracted        |       |       |     1 |       ||     1
         Paralysed         |       |       |       |     3 ||     3
 Armour: Robe              |    17 |    20 |    37 |    59 ||   133
         Skin              |       |       |       |     1 ||     1
  Dodge: Dodged            |    70 |    50 |   120 |   188 ||   428
  Block: Buckler           |       |       |    17 |    52 ||    69
